 Dungeon Crawl Stone Soup version 0.18-a0-1604-gf68bb23 (webtiles) character file.

80 Geeful the Insei (level 4, -7/28 HPs)
             Began as an Octopode Transmuter on Mar 21, 2016.
             Mangled by smazza's ghost (9 damage)
             ... on level 3 of the Dungeon.
             The game lasted 00:06:00 (2573 turns).

Geeful the Insei (Octopode Transmuter)              Turns: 2573, Time: 00:06:01

Health: -7/28      AC:  1    Str:  9    XL:     4   Next: 39%
Magic:  8/8        EV: 18    Int: 15    God:
Gold:   78         SH:  0    Dex: 18    Spells: 1 memorised, 7 levels left

rFire  + . .     SeeInvis .     m - +1 dagger (freeze)
rCold  + . .     Gourm    +     (no shield)
rNeg   . . .     Faith    .     (helmet restricted)
rPois  +         Spirit   .     q - amulet of the gourmand
rElec  +         Dismiss  .     (no ring)
rCorr  +         Reflect  .     (no ring)
SustAt .         Harm     .     (no ring)
MR     .....                    (no ring)
Stlth  ++++......               (no ring)
                                (no ring)
                                (no ring)
                                (no ring)

@: agile, resistant, very slightly contaminated, hasted, invisible, very quick,
not resistant to hostile enchantments, stealthy
A: almost no armour, amphibious, 8 rings, constrict 8, camouflage 1, gelatinous
body 1
a: no special abilities


You were on level 3 of the Dungeon.
You were full.

You visited 1 branch of the dungeon, and saw 3 of its levels.

You collected 78 gold pieces.

Inventory:

Hand Weapons
 m - a +1 dagger of freezing (weapon)
Missiles
 a - 12 arrows
 k - 2 javelins (quivered)
 o - 16 poisoned needles
Jewellery
 q - an amulet of the gourmand (around mantle)
Scrolls
 e - 2 scrolls of enchant weapon
 j - a scroll of remove curse {unknown}
 p - a scroll of fear {unknown}
Potions
 n - 2 potions of flight
Books
 b - a book of Changes

   Spells                             Type                      Level
   a - Beastly Appendage              Transmutation                1
   b - Sticks to Snakes               Transmutation                2
   c - Spider Form                    Transmutation/Poison         3
   d - Ice Form                       Ice/Transmutation            4
   e - Blade Hands                    Transmutation                5
Comestibles
 c - a bread ration
 g - a royal jelly


   Skills:
 - Level 1.0 Fighting
 - Level 2.0 Dodging
 + Level 3.9 Unarmed Combat
 + Level 2.7 Spellcasting
 + Level 3.0 Transmutations


You had 7 spell levels left.
You knew the following spells:

 Your Spells              Type           Power        Failure   Level  Hunger
a - Beastly Appendage     Trmt           ##....       8%          1    #......


Dungeon Overview and Level Annotations

Branches:
Dungeon (3/15)

Altars:

Annotations:
D:3 smazza's ghost, amateur NaWz


Innate Abilities, Weirdness & Mutations

You cannot wear most types of armour.
You are amphibious.
You can wear up to eight rings at the same time.
You can use your tentacles to constrict eight enemies at once.
Your skin changes colour to match your surroundings (Stealth).
Your rubbery body absorbs attacks (AC +1).


Message History

You feel agile all of a sudden.
Smazza's ghost hits you but does no damage.
Drink which item? (? for menu, Esc to quit)
It was a potion of cure mutation.
It has a very clean taste.
Smazza's ghost hits you.
* * * LOW HITPOINT WARNING * * *
Drink which item? (? for menu, Esc to quit)
It was a potion of resistance.
You feel protected. Smazza's ghost hits you.
* * * LOW HITPOINT WARNING * * *
Drink which item? (? for menu, Esc to quit)
It was a potion of invisibility.
You fade into invisibility!
Smazza's ghost whispers, "You will understand me better in a moment."
Smazza's ghost barely misses you.
You are very lightly contaminated with residual magic.
Drink which item? (? for menu, Esc to quit)
It was a potion of haste.
You feel yourself speed up. Smazza's ghost hits you!
You die...

#...# #### #...# #>.
#...# #.# #...####.####
######...#........
#.................
#.#....###........
#.#....#..........
#######@#....#.##.#.####
#......W#....#.##.#.#
##.###.........##.#.#
#............#.#
#............#.#
#............#.#
#.........##.#..
#...."....# ... .
#........)###### .#


You could see smazza's ghost.

Vanquished Creatures
  2 adders
  A worm (D:3)
  3 giant geckos
  3 giant cockroaches
  8 goblins
  7 hobgoblins
  7 kobolds
  2 quokkas
  12 bats
  2 giant newts
  5 rats
52 creatures vanquished.

Notes
Turn   | Place    | Note
--------------------------------------------------------------
     0 | D:1      | Geeful the Octopode Transmuter began the quest for the Orb.
     0 | D:1      | Reached XP level 1. HP: 13/13 MP: 3/3
   495 | D:1      | Reached XP level 2. HP: 18/18 MP: 3/5
  1054 | D:1      | Reached XP level 3. HP: 23/23 MP: 6/6
  1927 | D:3      | Reached XP level 4. HP: 14/28 MP: 8/8
  2537 | D:3      | Noticed smazza's ghost (amateur NaWz)
  2573 | D:3      | Mangled by smazza's ghost

Vault maps used:
D:1:      onia_arrival_pentagram, hangedman_decor_slide_cut, minmay_hedge_maze,
          kennysheep_boxes
D:3:      ecumenical_altar_2

Skill      XL: |  1  2  3 |
---------------+----------+-----
Transmutations | 3 |  3.0
Fighting       | |  1.0
Dodging        | |  2.0
Unarmed Combat | |  3.9
Spellcasting   | |  2.7

Action                   |  1- 3 |  4- 6 || total
-------------------------+-------+-------++-------
Melee: Unarmed           |    32 |       ||    32
       Dagger            |    60 |    32 ||    92
Throw: Javelin           |     2 |       ||     2
 Cast: Beastly Appendage |     7 |       ||     7
  Use: Scroll            |     5 |       ||     5
       Potion            |       |     5 ||     5
 Stab: Sleeping          |    11 |     1 ||    12
  Eat: Chunk             |     3 |    13 ||    16
